Map: King's Cove LE

Players

HellraiseR - Winner!

  • Race: Protoss Protoss
  • Spawn Location: 5:00

MacSed

  • Race: Protoss Protoss
  • Spawn Location: 11:00

Event: 2019 WCS Spring

VOD

Have the link to the VOD?

Description

Time

  • Played on: May 18, 2019, 7:58 a.m.
  • Length: 11:45

All games in this series

Show
View Real Time Build Order
Export as new Build Order

HellraiseR Protoss - Winner!

Build Orders: Oracle Opening 

Get SALT Encoding   

  12  0:00  Probe  
  13  0:12  Probe  
  14  0:18  Pylon  
  14  0:22  Probe  
  15  0:32  Probe  
  15  0:37  Gateway  
  15  0:42  Probe  
  16  0:46  Assimilator  
  17  0:53  Probe  
  17  0:56  Assimilator  
  18  1:01  Probe  
  18  1:10  Probe, Gateway  
  20  1:21  Probe  
  21  1:26  Cybernetics Core  
  21  1:33  Probe  
  21  1:38  Pylon  
  22  1:45  Probe  
  23  1:57  Probe  
  24  2:02  Warp Gate, Adept x2  
  28  2:09  Probe  
  28  2:14  Pylon  
  30  2:31  Stargate  
  30  2:33  Adept  
  30  2:35  Adept  
  32  3:01  Nexus  
  32  3:05  Oracle  
  35  3:25  Robotics Facility  
  35  3:35  Shield Battery  
  33  3:42  Oracle  
  36  3:48  Pylon  
  36  3:50  Stalker  
  38  4:14  Stalker x2  
  42  4:23  Probe  
  41  4:24  Probe  
  40  4:34  Probe  
  40  4:35  Probe  
  40  4:40  Stalker  
  41  4:50  Probe  
  39  4:55  Probe  
  41  5:02  Probe  
  42  5:08  Probe  
  42  5:10  Stalker  
  45  5:14  Probe  
  45  5:20  Probe  
  47  5:22  Probe  
  48  5:30  Probe  
  48  5:32  Probe  
  48  5:42  Probe  
  49  5:44  Probe  
  49  5:49  Robotics Facility  
  50  5:53  Pylon  
  50  5:54  Probe  
  50  5:56  Probe  
  52  6:06  Probe  
  52  6:08  Probe  
  51  6:16  Shield Battery  
  51  6:17  Probe  
  51  6:18  Probe  
  52  6:25  Probe  
  53  6:26  Twilight Council, Probe, Forge  
  53  6:29  Assimilator  
  53  6:31  Assimilator  
  55  6:33  Probe  
  55  6:34  Probe  
  55  6:35  Stalker, Sentry  
  61  6:44  Probe  
  61  6:46  Probe  
  63  6:48  Pylon  
  63  7:00  Warp Prism  
  65  7:06  Protoss Ground Weapons Level 1, Probe x2  
  67  7:11  Blink  
  67  7:13  Pylon  
  67  7:14  Gateway  
  67  7:18  Gateway  
  67  7:23  Stalker  
  69  7:33  Probe, Dark Shrine  
  70  7:37  Stalker  
  70  7:39  Gateway  
  70  7:43  Immortal  
  72  7:51  Stalker  
  78  8:01  Robotics Bay  
  78  8:07  Gateway  
  78  8:10  Pylon  
  78  8:12  Stalker  
  80  8:16  Stalker  
  80  8:19  Pylon  
  82  8:30  Gateway  
  81  8:41  Stalker x2  
  81  8:42  Pylon x2  
  83  8:56  Dark Templar  
  83  8:57  Dark Templar x2  
  83  8:59  Probe  
  83  9:00  Probe  
  90  9:07  Stalker x2  
  92  9:11  Disruptor  
  92  9:15  Stalker  
  92  9:24  Pylon  
  89  9:29  Zealot x4  
  95  9:37  Disruptor  
  95  9:38  Zealot x2  
  89  9:57  Stalker x4  
  97  10:04  Zealot x2  
  93  10:09  Disruptor  
  85  10:24  Zealot x4  
  85  10:27  Probe x2  
  85  10:48  Observer  
  85  10:51  Nexus  
  85  10:53  Stalker x3  
  92  11:02  Pylon  
  90  11:37  Stalker x3  
  90  11:38  Stalker x2  
Show
View Real Time Build Order
Export as new Build Order

MacSed Protoss 

Build Orders: Oracle Opening 

Get SALT Encoding   

  12  0:00  Probe  
  13  0:12  Probe  
  14  0:18  Pylon  
  14  0:24  Probe  
  15  0:32  Probe  
  15  0:39  Gateway  
  15  0:40  Probe  
  16  0:48  Assimilator  
  17  0:51  Probe  
  17  0:56  Assimilator  
  18  1:00  Probe  
  19  1:08  Probe  
  19  1:13  Gateway  
  19  1:18  Probe  
  21  1:28  Cybernetics Core  
  21  1:31  Probe  
  22  1:38  Pylon  
  22  1:43  Probe  
  23  1:56  Probe  
  24  2:04  Warp Gate  
  24  2:05  Stalker  
  24  2:06  Stalker  
  28  2:10  Probe  
  29  2:19  Pylon  
  29  2:37  Stalker x2  
  32  2:47  Stargate  
  32  3:13  Shield Battery  
  32  3:18  Nexus  
  32  3:20  Oracle  
  32  3:28  Probe  
  36  3:42  Probe  
  36  3:43  Pylon  
  37  3:55  Probe  
  38  4:02  Pylon  
  38  4:06  Stalker x2  
  38  4:07  Probe  
  42  4:19  Probe  
  39  4:31  Probe  
  39  4:36  Probe  
  41  4:42  Stalker  
  41  4:43  Probe  
  44  4:46  Probe  
  44  4:51  Probe  
  45  4:54  Probe  
  45  4:59  Sentry, Probe  
  49  5:03  Probe  
  50  5:07  Robotics Facility  
  50  5:10  Probe  
  50  5:11  Sentry  
  50  5:12  Probe  
  53  5:20  Probe  
  54  5:22  Probe  
  54  5:23  Shield Battery  
  54  5:25  Phoenix  
  58  5:30  Probe  
  58  5:34  Probe  
  57  5:41  Assimilator  
  57  5:42  Probe, Forge  
  58  5:43  Assimilator  
  58  5:46  Probe  
  59  5:50  Protoss Ground Weapons Level 1  
  59  5:54  Observer  
  59  5:57  Probe  
  61  5:58  Probe  
  62  6:09  Probe  
  62  6:10  Probe  
  64  6:17  Immortal  
  68  6:20  Twilight Council  
  68  6:21  Gateway  
  68  6:22  Gateway  
  68  6:23  Pylon  
  68  6:33  Pylon  
  68  6:41  Gateway  
  68  6:42  Gateway  
  68  6:47  Charge  
  68  6:50  Gateway  
  68  6:51  Gateway  
  68  6:54  Pylon  
  68  6:56  Pylon  
  68  7:02  Warp Prism  
  70  7:09  Zealot, Pylon  
  72  7:16  Zealot x2  
  72  7:19  Pylon  
  76  7:26  Zealot  
  78  7:31  Templar Archives  
  78  7:53  Protoss Ground Weapons Level 2  
  78  7:54  Photon Cannon  
  79  8:05  Zealot x8  
  80  8:09  Pylon  
  94  8:16  Pylon  
  94  8:26  High Templar x2  
  94  8:27  High Templar x2  
  100  8:28  Zealot x2, High Templar x2  
  100  8:31  Archon x2  
  100  8:32  Archon  
  110  8:38  Pylon  
  110  8:42  Observer  
  110  8:45  Observer  
  110  8:49  Nexus  
  111  9:07  Zealot x5  
  120  9:15  Photon Cannon  
  115  9:29  High Templar x4  
  117  9:34  Zealot x2, Archon x2  
  117  9:35  Zealot  
  95  9:58  High Templar x2  
  95  9:59  Zealot x2  
  103  10:04  Archon  
  103  10:06  Zealot x4  
  85  10:27  High Templar x2  
  85  10:28  Zealot x3, Observer  
  77  10:30  Warp Prism  
  77  10:31  Archon  
  61  10:43  Probe  
  58  10:50  High Templar x2  
  58  10:56  Probe  
  58  10:57  Probe, Archon  
  64  11:02  Zealot x3  
  70  11:13  High Templar x2  
  70  11:16  Probe x2  
  76  11:18  Probe  
  76  11:20  Archon  
  77  11:28  Zealot x3  
Tags
 
Add a new tag
Caveats
  • Supply blocks, unpowered buildings, or Contaminate may cause inaccurate times.
  • Supply counts are checked every 10 seconds.